 Dungeon Crawl Stone Soup version 0.31.0-1-g2c135a008e (webtiles) character file.

Game seed: 9928972115953615460

347 qw the Shooter (level 6, 0/47 HPs)
             Began as a Djinni Hunter on Jan 23, 2024.
             Was an Initiate of Okawaru.
             Killed by nerve-wracking pain
             ... invoked by Grinder
              (13 damage)
             ... while paralysed by Grinder
             ... on level 4 of the Dungeon.
             The game lasted 00:00:11 (2494 turns).

qw the Shooter (Djinni Hunter)                      Turns: 2494, Time: 00:00:11

Health: 0/47       AC:  7    Str:  9    XL:     6   Next: 91%
Gold:   6          EV:  2    Int: 15    God:    Okawaru [......] SH:  0 Dex: 17

rFire   + + .        a - +0 shortbow
rCold   x . .        (shield currently unavailable)
rNeg    . . .        k - +0 ring mail
rPois   inf          (no helmet)
rElec   .            (no cloak)
rCorr   .            j - +1 pair of gloves
SInv    +            (boots unavailable)
Will    .....        g - amulet of the acrobat
Stlth   +            b - ring of see invisible
HPRegen 0.27/turn    (no ring)
MPRegen 0.00/turn

%: random rage (9%), acrobat, infuse magic (-1 HP)
@: paralysed, flying, hasted
A: sickness immunity, fire resistance 2, cold vulnerability 1, float, innate
caster, HP casting, extra vitality 1, berserk 2, clever 1
a: Renounce Religion


You were on level 4 of the Dungeon.
You worshipped Okawaru.
Okawaru was noncommittal.
You visited 2 branches of the dungeon, and saw 5 of its levels.

You collected 113 gold pieces.
You spent 107 gold pieces at shops.


Innate Abilities, Weirdness & Mutations

You are immune to sickness and miasma.
You are immune to poison.
Your flesh is very heat resistant. (rF++)
You are vulnerable to cold. (rC-)
You float through the air rather than walking.
You learn spells naturally, not from books.
Your magical power is your life essence.
You have superior vitality. (+4 MHP)
You have an uncontrollable temper.
Your mind is acute. (Int +4, Str/Dex -1)


   Skills:
 - Level 4.1 Fighting
 + Level 5.0 Ranged Weapons
 - Level 1.5 Armour
 - Level 3.0 Dodging
 - Level 0.7 Stealth


You knew the following spells:

 Your Spells              Type           Power      Damage    Failure   Level
a - Summon Small Mammal   Summ           0%         N/A       58%         1
b - Jinxbite              Hex            0%         N/A       73%         2
Your spell library was empty.

Inventory:

Hand Weapons
 a - a +0 shortbow (weapon)
Armour
 j - a +1 pair of gloves (worn)
 k - a +0 ring mail (worn)
Jewellery
 b - a ring of see invisible (left hand)
 g - an amulet of the acrobat (around neck)
Scrolls
 d - 4 scrolls of teleportation
 n - a scroll of immolation {unknown}
 q - a scroll of identify
Potions
 c - a potion of ambrosia {unknown}
 e - a potion of cancellation
 f - a potion of might
 h - a potion of resistance
 i - 2 potions of heal wounds
 l - a potion of haste
 m - a potion of degeneration {unknown}
 o - a potion of attraction {unknown}
 p - 2 potions of curing

Dungeon Overview and Level Annotations

Branches:
Dungeon (4/15)             Temple (1/1) D:4

Altars:
Ashenzari
Cheibriados
Fedhas
Gozag
Hepliaklqana
Okawaru
Ru
Trog
Wu Jian
Xom
Zin
The Shining One

Shops:
D:4 *!(

Annotations:
D:4 Grinder


Message History

You kill the hobgoblin!
Okawaru accepts your kill.
An adder comes into view.
Grinder hits you.
You writhe in agony.
You shoot an arrow. The adder hisses angrily.
The arrow hits Grinder.
Grinder is moderately wounded.
Grinder hits you.
You writhe in agony.
You shoot an arrow. The arrow hits Grinder.
Grinder is heavily wounded.
You shoot an arrow. The arrow hits Grinder.
Grinder is heavily wounded.
An orc comes into view. It is wielding a +0 club.
Grinder barely misses you.
You shoot an arrow. The arrow closely misses Grinder.
The arrow hits the orc!
You kill the orc!
Okawaru accepts your kill. Grinder hits you but does no damage.
You shoot an arrow. The arrow completely misses Grinder.
The arrow closely misses the orc wizard.
The arrow barely misses the orc.
The arrow hits the adder.
The adder is moderately wounded.
Grinder blinks!
The orc wizard mumbles some strange words.
The orc wizard flickers and vanishes for a moment.
You shoot an arrow.
The arrow closely misses the orc wizard.
The arrow closely misses the orc.
The arrow hits the orc.
The orc is severely wounded.
Grinder gestures at you.
You suddenly lose the ability to move!
The orc wizard hits you with a +0 dagger.
Grinder gestures at you.
You shrug off the repeated paralysis!
The orc wizard hits you but does no damage.
Grinder gestures at you. Pain shoots through your body!
You die...
Grinder says, "Now the real fun starts!"

.# #.# # .#####.# .#
.....#.#####.#
.#...........#
.#...#.###.### .......#
#.# #......###.##
#......##...##########.#
.....#.........o@...5...
.##..##.########o#######
.##..##.# #)# ## .<## #
#o# # #S# ... . ... ##
...


You could see Grinder, an orc wizard (invisible), an adder and 2 orcs.

Vanquished Creatures
  A howler monkey (D:4)
  2 bombardier beetles
  A hound (D:4)
  A jelly (D:4)
  2 orc priests (D:3)
  4 adders
  4 dart slugs
  5 ribbon worms
  2 orcs
  5 bats
  3 endoplasms (D:2)
  A giant cockroach (D:2)
  2 goblins
  7 hobgoblins
  5 jackals
  4 quokkas
  3 ball pythons
  A frilled lizard (D:2)
  6 kobolds
  6 rats
65 creatures vanquished.

Notes
Turn   | Place    | Note
-------+----------+-------------------------------------------
     0 | D:1      | qw the Djinni Hunter began the quest for the Orb.
     0 | D:1      | Reached XP level 1. HP: 18/18 MP: 0/0
     0 | D:1      | 0 ||| qw: Version: 0.3-a-132-g3d54051
     0 | D:1      | 0 ||| qw: Game counter: 615
     0 | D:1      | 0 ||| qw: Melee chars always use a shield: true
     0 | D:1      | 0 ||| qw: God list: Okawaru
     0 | D:1      | 0 ||| qw: Allow faded altars: false
     0 | D:1      | 0 ||| qw: Do Orc after clearing Dungeon:15 true
     0 | D:1      | 0 ||| qw: Do second Lair branch before Depths: true
     0 | D:1      | 0 ||| qw: Lair rune preference: random
     0 | D:1      | 0 ||| qw: Goals: Normal
     0 | D:1      | 0 ||| PLANNING D:1-11
   129 | D:1      | Reached XP level 2. HP: 23/23 MP: 0/0
   153 | D:1      | Found a faded altar of an unknown god.
   745 | D:1      | 745 ||| UPGRADING to amulet of the acrobat.
   750 | D:1      | 750 ||| READING 2 scrolls labelled XIRISS JELA.
   754 | D:1      | 754 ||| READING scroll labelled UWOM ONIYRUO.
   755 | D:1      | 755 ||| READING scroll labelled KEM PIN MOCONK.
   756 | D:1      | 756 ||| READING scroll labelled YSOATSYTRU.
   756 | D:1      | 756 ||| IDENTIFYING murky purple potion
   757 | D:1      | 757 ||| DROPPING scroll of butterflies.
   794 | D:2      | 794 ||| STAIRDANCE
   797 | D:1      | Reached skill level 4 in Ranged Weapons
   797 | D:1      | Reached XP level 3. HP: 28/28 MP: 0/0
   797 | D:1      | Learned a level 1 spell: Summon Small Mammal
   799 | D:2      | 799 ||| STAIRDANCE
   956 | D:2      | Reached skill level 3 in Fighting
   956 | D:2      | Reached XP level 4. HP: 35/35 MP: 0/0
  1068 | D:2      | 1068 ||| FLEEEEING.
  1413 | D:2      | Reached skill level 3 in Dodging
  1434 | D:2      | 1434 ||| UPGRADING to +0 pair of gloves.
  1439 | D:2      | 1439 ||| UPGRADING to +0 ring mail.
  1449 | D:2      | 1449 ||| DROPPING +0 leather armour.
  1450 | D:2      | 1450 ||| READING 4 scrolls of identify.
  1450 | D:2      | 1450 ||| IDENTIFYING green potion
  1451 | D:2      | 1451 ||| DRINKING potion of mutation.
  1451 | D:2      | Gained mutation: You are partially covered in iridescent
                  | scales. (AC +2) [potion of mutation]
  1451 | D:2      | Gained mutation: Your skin changes colour to match your
                  | surroundings (Stealth+). [potion of mutation]
  1451 | D:2      | Lost mutation: You are partially covered in iridescent
                  | scales. (AC +2) [potion of mutation]
  1452 | D:2      | 1452 ||| READING 3 scrolls of identify.
  1452 | D:2      | 1452 ||| IDENTIFYING fuming sapphire potion
  1453 | D:2      | 1453 ||| READING 2 scrolls of identify.
  1453 | D:2      | 1453 ||| IDENTIFYING viscous brown potion
  1454 | D:2      | 1454 ||| READING scroll of identify.
  1454 | D:2      | 1454 ||| IDENTIFYING 2 pink potions
  1508 | D:3      | Reached skill level 1 in Armour
  1508 | D:3      | Reached XP level 5. HP: 20/40 MP: 0/0
  1508 | D:3      | Learned a level 2 spell: Jinxbite
  1512 | D:3      | 1512 ||| FLEEEEING.
  1696 | D:3      | Found a bloodstained altar of Trog.
  1705 | D:3      | 1705 ||| DRINKING potion of mutation.
  1705 | D:3      | Lost mutation: Your skin changes colour to match your
                  | surroundings (Stealth+). [potion of mutation]
  1705 | D:3      | Gained mutation: You sometimes lose your temper in combat.
                  | [potion of mutation]
  1705 | D:3      | Gained mutation: Your mind is acute. (Int +4, Str/Dex -1)
                  | [potion of mutation]
  1705 | D:3      | Gained mutation: You have an uncontrollable temper. [potion
                  | of mutation]
  1877 | D:3      | Reached XP level 6. HP: 46/46 MP: 0/0
  2116 | D:3      | 2116 ||| UPGRADING to ring of see invisible.
  2117 | D:3      | 2117 ||| READING scroll labelled FAJ LOFECH.
  2117 | D:3      | 2117 ||| ENCHANTING +0 pair of gloves.
  2187 | D:4      | Found Paq Pafo's Distillery.
  2198 | D:4      | Reached skill level 5 in Ranged Weapons
  2213 | D:4      | 2213 ||| SHOPLISTING 3 potions of haste (390 gold, have
                  | 113).
  2213 | D:4      | 2213 ||| BUYING potion of curing (39 gold).
  2213 | D:4      | Bought a potion of curing for 39 gold pieces
  2213 | D:4      | 2213 ||| BUYING potion of curing (39 gold).
  2213 | D:4      | Bought a potion of curing for 39 gold pieces
  2213 | D:4      | 2213 ||| SHOPLISTING potion of enlightenment (65 gold, have
                  | 35).
  2213 | D:4      | 2213 ||| SHOPLISTING potion of heal wounds (65 gold, have
                  | 35).
  2260 | D:4      | Found Hir Qeno's Assorted Antiques.
  2263 | D:4      | 2263 ||| SHOPLISTING curved copper wand (132 gold, have
                  | 35).
  2263 | D:4      | 2263 ||| SHOPLISTING curved gold wand (132 gold, have 35).
  2263 | D:4      | 2263 ||| SHOPLISTING dyed leather armour (165 gold, have
                  | 35).
  2263 | D:4      | 2263 ||| BUYING lumpy yellow potion (29 gold).
  2263 | D:4      | Bought a lumpy yellow potion for 29 gold pieces
  2283 | D:4      | Found a staircase to the Ecumenical Temple.
  2284 | D:4      | 2284 ||| PLANNING TEMPLE
  2284 | D:4      | 2284 ||| READING scroll labelled QAIK CAXEN.
  2285 | D:4      | 2285 ||| DRINKING 2 lumpy yellow potions.
  2294 | Temple   | Entered the Ecumenical Temple
  2295 | Temple   | 2295 ||| PLANNING OKAWARU WORSHIP
  2304 | Temple   | Became a worshipper of Warmaster Okawaru
  2305 | Temple   | 2305 ||| PLANNING D:1-11
  2354 | D:4      | 2354 ||| FLEEEEING.
  2402 | D:4      | Found Paghes's Weapon Boutique.
  2472 | D:4      | Noticed Grinder
  2477 | D:4      | 2477 ||| DRINKING 2 potions of haste.
  2491 | D:4      | Paralysed by Grinder for 5 turns
  2494 | D:4      | Killed from afar by Grinder

Levels and vault maps discovered:
D:1:      dpeg_arrival_round_a, layout_basic, ebering_ecumenical_altar_webs,
          minivault_14, minmay_pentomino_z4
D:2:      layout_basic
D:3:      layout_basic, bloody_trog, chequers_serial_rivers_large_b
D:4:      layout_loops_ring, minmay_temple_entry_poolview, serial_shops, shop,
          shop, nicolae_shop_behind_doors, nicolae_shop_bloodbath_and_beyond,
          minmay_pentangle, uniq_grinder
Temple:   nicolae_temple_great_sept

Skill      XL: |  1  2  3  4  5  6 |
---------------+-------------------+-----
Ranged Weapons | 4 5 |  5.0
Fighting       | 3 4 |  4.1
Dodging        | 3 |  3.0
Armour         | 1 |  1.5
Stealth        | |  0.7

Action                     |  1- 3 |  4- 6 || total
---------------------------+-------+-------++-------
   Fire: Shortbow          |    71 |   160 ||   231
    Use: Scroll            |     4 |     6 ||    10
         Potion            |       |     4 ||     4
 Armour: Leather armour    |     8 |    11 ||    19
         Ring mail         |       |    39 ||    39
  Dodge: Dodged            |    19 |    46 ||    65

Table legend:
 A = Non-vault XP
 B = Vault XP
 C = Vault XP percentage of total XP
 D = Non-vault monster count
 E = Vault monster count
 F = Vault count percentage of total count
                 A         B        C        D         E       F
            +---------+---------+-------+---------+---------+-------
      Total |     492 |       5 |   1.0 |      62 |       3 |   4.6
            +---------+---------+-------+---------+---------+-------
        D:1 |      29 |       5 |  14.7 |      14 |       3 |  17.6
        D:2 |      82 |       0 |   0.0 |      22 |       0 |   0.0
        D:3 |     154 |       0 |   0.0 |      11 |       0 |   0.0
        D:4 |     227 |       0 |   0.0 |      15 |       0 |   0.0
            +---------+---------+-------+---------+---------+-------
